 Dungeon Crawl Stone Soup version 0.29-a0-330-g52719c12eb (webtiles) character file.

Game seed: 7098263977500572560

7 ImHallYall the Skirmisher (level 1, 0/18 HPs)
             Began as a Demonspawn Berserker on Apr 12, 2022.
             Was a Follower of Trog.
             Slain by a rat (1 damage)
             ... on level 1 of the Dungeon.
             The game lasted 00:00:39 (106 turns).

ImHallYall the Skirmisher (Demonspawn Berserker)     Turns: 106, Time: 00:00:39

Health: 0/18       AC:  3    Str: 17    XL:     1   Next: 83%
Magic:  1/1        EV: 11    Int:  8    God:    Trog [*.....]
Gold:   7          SH:  0    Dex: 12    Spells: 0/0 levels left

rFire   . . .      SeeInvis .   a - +1 falchion
rCold   + . .      Faith    .   (no shield)
rNeg    . . .      Spirit   .   c - +0 leather armour {rC+}
rPois   .          Reflect  .   (no helmet)
rElec   .          Harm     .   (no cloak)
rCorr   .          Rampage  .   (no gloves)
Will    .....                   (no boots)
Stlth   +.........              (no amulet)
HPRegen 0.06/turn               (no ring)
MPRegen 0.07/turn               (no ring)

@: no status effects
A: no striking features
a: Renounce Religion, Berserk


You were on level 1 of the Dungeon.
You worshipped Trog.
Trog was aware of your devotion.
You visited 1 branch of the dungeon, and saw 1 of its levels.

You collected 7 gold pieces.

Inventory:

Hand Weapons
 a - a +1 falchion (weapon)
Armour
 b - a +0 animal skin
 c - a +0 leather armour of cold resistance (worn)
Scrolls
 e - 2 scrolls of enchant weapon


   Skills:
 + Level 3.1 Fighting
 + Level 2.9 Long Blades
 + Level 1.8 Armour
 + Level 1.8 Dodging


You couldn't memorise any spells.
You didn't know any spells.
Your spell library was empty.

Dungeon Overview and Level Annotations

Branches:
Dungeon (1/15)

Altars:


Message History

The kobold hits you but does no damage.
The giant cockroach bites you but does no damage.
You hit the kobold.
You kill the kobold!
Trog accepts your kill. The giant cockroach closely misses you.
The rat bites you but does no damage.
The giant cockroach bites you but does no damage.
You see here a +0 dagger.
You hit the giant cockroach.
The giant cockroach is heavily wounded.
The rat closely misses you. The giant cockroach closely misses you.
The rat bites you.
* * * LOW HITPOINT WARNING * * *
You hit the giant cockroach.
The giant cockroach is almost dead.
The giant cockroach barely misses you. x2; The rat barely misses you.
You hit the giant cockroach.
The giant cockroach is almost dead.
The giant cockroach bites you but does no damage.
The rat closely misses you.
You hit the giant cockroach.
You kill the giant cockroach!
Trog accepts your kill. The rat bites you.
* * * LOW HITPOINT WARNING * * *
The rat twitches its whiskers.
The rat closely misses you.
You hit the rat but do no damage. The rat barely misses you.
You barely miss the rat. The rat bites you.
* * * LOW HITPOINT WARNING * * *
You barely miss the rat. The rat barely misses you. x2
You completely miss the rat. The rat closely misses you.
You hit the rat.
The rat is moderately wounded.
The rat closely misses you.
You closely miss the rat.
The rat is moderately wounded.
The rat bites you.
You die...

.....#...
#........
.........
.........
###........
#.+........
#.#r....[..
#.)@..#
#..##.#
#..# # #..#
#.$# #..#
#..#
####+#+#..#
+.........#


You could see a rat.

Vanquished Creatures
  An endoplasm (D:1)
  A giant cockroach (D:1)
  2 hobgoblins (D:1)
  A kobold (D:1)
5 creatures vanquished.

Notes
Turn   | Place    | Note
-------+----------+-------------------------------------------
     0 | D:1      | ImHallYall the Demonspawn Berserker began the quest for the
                  | Orb.
     0 | D:1      | Reached XP level 1. HP: 18/18 MP: 1/1
   106 | D:1      | Slain by a rat

Illustrated notes

Levels and vault maps discovered:
D:1:      eino_arrival_water_star, layout_basic, interstate_on_off

Action                   || total
-------------------------++-------
Melee: Falchion          ||    24
  Use: Scroll            ||     2
Armor: Leather armour    ||     9
       Animal skin       ||     1
Dodge: Dodged            ||    18

Table legend: (Time is in decaauts)
 A = Elapsed time spent in this place.
 B = Non-inter-level travel time spent in this place.
 C = Inter-level travel time spent in this place.
 D = Time resting spent in this place.
 E = Time spent auto-exploring this place.
 F = Levels seen in this place.
 G = Mean time per level.
                   A        B        C        D        E       F      G
               +--------+--------+--------+--------+--------+-----+--------+
         Total |    110 |    110 |      0 |      0 |     23 |   1 |  110.0 |
       Dungeon |    110 |    110 |      0 |      0 |     23 |   1 |  110.0 |
               +--------+--------+--------+--------+--------+-----+--------+

Top non-repeatable levels by time:
     D:1: 110 daAuts
